AoeStats
← Bear Man

Golden Pit

509783920Analyzed
1v1 RM · 5d ago on Sep 28, 2026· 18m 45s· 2 players
Game mode
Random Map
Map size
Tiny (2 player)
Population
200
Speed
Normal
Resources
Standard
Victory
Conquest
Starting age
Dark Age
Ending age
Imperial Age
RankedLock teamsTeams togetherTeam positionsShared explorationLock speedFull tech treeHidden civsTurbo modeCheats
Victory
Defeat
🇨🇱 Vietnamese · Chile
1127
+14
🇺🇸 Sicilians · United States
1088
-14
Bear Man
3:14 Loom
10:28 Feudal Age
13:36 Horse Collar
14:01 Double-Bit Axe
16:34 Stone Mining
17:01 Fletching
el payasadas
7:13 Loom
9:43 Feudal Age
12:59 Fletching
13:44 Horse Collar
Connection lost

Rejoining the realm…

Still unreachable

The connection could not be restored.

Session expired

The server has moved on; the page needs a fresh start.